 Dungeon Crawl Stone Soup version 0.20-a0-526-g753eaab (webtiles) character file.

112 dvd the Grave Robber (level 4, -5/30 HPs)
             Began as a Demonspawn Necromancer on Jan 27, 2017.
             Killed by nerve-wracking pain
             ... invoked by dvd's ghost
              (11 damage)
             ... on level 3 of the Dungeon.
             The game lasted 00:07:16 (2705 turns).

dvd the Grave Robber (Demonspawn Necromancer)       Turns: 2705, Time: 00:07:17

Health: -5/30      AC:  5    Str:  8    XL:     4   Next: 63%
Magic:  0/8        EV: 13    Int: 17    God:
Gold:   62         SH:  0    Dex: 20    Spells: 2/9 levels left

rFire    . . .     SeeInvis .   a - +1 whip (pain)
rCold    + . .     Gourm    .   r - +0 robe
rNeg     . . .     Faith    .   (no shield)
rPois    .         Spirit   +   (no helmet)
rElec    .         Reflect  .   (no cloak)
rCorr    .         Harm     .   (no gloves)
MR       .....                  k - +0 pair of boots
Stlth    ++........             j - amulet of magic regeneration
Regen    0.1/turn               (no ring)
                                p - +6 ring of dexterity

@: no status effects
A: molten scales 1, cold resistance 1, magic shield
a: no special abilities


You were on level 3 of the Dungeon.
You were not hungry.

You visited 1 branch of the dungeon, and saw 3 of its levels.

You collected 62 gold pieces.

Inventory:

Hand Weapons
 a - a +1 whip of pain (weapon)
 d - a +0 mace
Armour
 f - a +0 ring mail
 k - a +0 pair of boots (worn)
 r - a +0 robe (worn)
Jewellery
 j - an amulet of magic regeneration (around neck)
 p - a +6 ring of dexterity (left hand)
 s - an uncursed amulet of rage
Scrolls
 e - a scroll of fog {unknown}
 i - 2 scrolls of identify {unknown}
 n - a scroll of remove curse {unknown}
 t - a scroll of teleportation {unknown}
Potions
 g - 2 potions of degeneration {unknown}
 m - 2 potions of haste {unknown}
 o - a potion of brilliance {unknown}
 q - a potion of ambrosia {unknown}
Books
 b - a book of Necromancy

   Spells                             Type                      Level
   a - Pain                           Necromancy                   1
   b - Animate Skeleton               Necromancy                   1
   c - Vampiric Draining              Necromancy                   3
   d - Regeneration                   Charms/Necromancy            3
   e - Animate Dead                   Necromancy                   4
   f - Control Undead                 Necromancy                   4
Comestibles
 c - 2 bread rations
 h - a royal jelly
 l - a meat ration


   Skills:
 + Level 0.2 Fighting
 + Level 0.3 Maces & Flails
 + Level 0.1 Armour
 + Level 1.9 Dodging
 + Level 1.8 Stealth
 + Level 3.2 Spellcasting
 + Level 5.6 Necromancy


You had 2 spell levels left.
You knew the following spells:

 Your Spells              Type           Power        Failure   Level  Hunger
a - Pain                  Necr           ###.         1%          1    None
b - Vampiric Draining     Necr           ###.......   8%          3    ###....
c - Regeneration          Chrm/Necr      ##........   17%         3    ###....


Dungeon Overview and Level Annotations

Branches:
Dungeon (3/15)

Altars:
Ashenzari
Cheibriados
Makhleb
Uskayaw
Yredelemnul
The Shining One

Annotations:
D:3 dvd's ghost, weakling DsNe


Innate Abilities, Weirdness & Mutations

You are partially covered in molten scales. (AC +2)
Your flesh is cold resistant. (rC+)
When hurt, damage is shared between your health and your magic reserves.


Message History

Dvd's ghost gestures at you while chanting.
Pain shoots through your body!
Dvd's ghost gestures at you while chanting.
Pain shoots through your body!
* * * LOW HITPOINT WARNING * * *
Casting: Pain
Confirm with . or Enter, or press ? or * to list all spells.
Your skin crawls.
Dvd's ghost says, "Death will end your pain."
Your skin is crawling a little less now.
Dvd's ghost points at you and mumbles some strange words.
Pain shoots through your body!
* * * LOW HITPOINT WARNING * * *
The orc throws a tomahawk.
The tomahawk hits you.
* * * LOW HITPOINT WARNING * * *
You see here a tomahawk.
Your skin stops crawling.
Dvd's ghost gestures at you while chanting.
Pain shoots through your body!
You die...

#.# #.# #. #.# #.# #.# #.#
#.# #.# #.# .?.. #.# #.#
############ #...
#.######.###..(W..o...###...
#..........@.###.........s..
#..†......#### #.####.###..#
#.####..### #.# ##.###...
#.# #..# #.# #...##... #.#
#..# #.###...##... #.# #...
..##......... ##.####..##
#.##.#.####W# #........#
#.##.#.# #.# #..###...#
....# #W#


You could see dvd's ghost and an orc.

Vanquished Creatures
  3 adders (D:2)
  An ooze (D:2)
  A worm (D:2)
  A dart slug (D:1)
  A leopard gecko (D:2)
  3 orcs (D:3)
  A ball python (D:1)
  8 bats
  3 giant cockroaches
  7 goblins
  9 hobgoblins
  3 jackals (D:1)
  A quokka (D:3)
  6 frilled lizards
  9 kobolds
  13 rats
70 creatures vanquished.

Notes
Turn   | Place    | Note
-------+----------+-------------------------------------------
     0 | D:1      | dvd the Demonspawn Necromancer began the quest for the Orb.
     0 | D:1      | Reached XP level 1. HP: 13/13 MP: 3/3
   417 | D:1      | Gained mutation: When hurt, damage is shared between your health and your magic reserves. [demonic ancestry]
   417 | D:1      | Reached XP level 2. HP: 11/19 MP: 3/5
   673 | D:1      | Reached skill level 5 in Necromancy
  1074 | D:1      | Gained mutation: You are partially covered in molten scales. (AC +2) [demonic ancestry]
  1074 | D:1      | Reached XP level 3. HP: 24/24 MP: 4/6
  1235 | D:1      | Learned a level 3 spell: Vampiric Draining
  1689 | D:2      | Found a glowing golden altar of the Shining One.
  1695 | D:2      | Found a shattered altar of Ashenzari.
  1695 | D:2      | Found a hide-covered altar of Uskayaw.
  1696 | D:2      | Found a basalt altar of Yredelemnul.
  1696 | D:2      | Found a burning altar of Makhleb.
  1813 | D:2      | Gained mutation: Your flesh is cold resistant. (rC+) [demonic ancestry]
  1813 | D:2      | Reached XP level 4. HP: 28/30 MP: 5/8
  2074 | D:2      | Learned a level 3 spell: Regeneration
  2158 | D:2      | Found a snail-covered altar of Cheibriados.
  2677 | D:3      | Noticed dvd's ghost (weakling DsNe)
  2705 | D:3      | Killed from afar by dvd's ghost

Vault maps used:
D:1:      minmay_arrival_diagonal_passages
D:2:      grunt_temple_overflow_open, lemuel_round_altar, first_bread,
          kennysheep_generic_room_4
D:3:      nicolae_gozag_seed_capital

Skill      XL: |  1  2  3  4 |
---------------+-------------+-----
Necromancy     | 5 |  5.6
Spellcasting   | 3 |  3.2
Fighting       | |  0.2
Maces & Flails | |  0.3
Armour         | |  0.1
Dodging        | |  1.9
Stealth        | |  1.8

Action                   |  1- 3 |  4- 6 || total
-------------------------+-------+-------++-------
Melee: Mace              |    50 |       ||    50
       Whip              |       |    22 ||    22
 Cast: Pain              |    53 |    40 ||    93
       Vampiric Draining |     2 |     2 ||     4
       Regeneration      |       |     1 ||     1
 Stab: Sleeping          |     1 |       ||     1
  Eat: Chunk             |     4 |     3 ||     7
Armor: Ring mail         |    15 |       ||    15
       Robe              |    13 |     5 ||    18
Dodge: Dodged            |    48 |    15 ||    63
